 Dungeon Crawl Stone Soup version 0.31.0-12-g77e489cdc1 (webtiles) character file.

Game seed: 16995802196137997788

66 Killerpretzel the Changeling (level 4, -2/29 HPs)
             Began as an Octopode Shapeshifter on Feb 27, 2024.
             Slain by an adder (4 damage)
             ... on level 3 of the Dungeon.
             The game lasted 00:02:27 (2182 turns).

Killerpretzel the Changeling (OpSh)                 Turns: 2182, Time: 00:02:27

Health: -2/29      AC:  1    Str: 13    XL:     4   Next: 15%
Magic:  4/4        EV: 13    Int: 12    God:
Gold:   51         SH:  0    Dex: 13    Spells: 3/3 levels left

rFire   . .          .
                       - Unarmed
rCold   . . .        (no shield)
rNeg    . . .        (helmet currently unavailable)
rPois   .            (no amulet)
rElec   .            (no ring)
rCorr   .            (no ring)
SInv    .            (no ring)
Will    .....        (no ring)
Stlth   ++           (no ring)
HPRegen 0.24/turn    (no ring)
MPRegen 0.09/turn    (no ring)
                     (no ring)

%: no passive effects
@: lethally poisoned (-2 -> -5), beast-form
A: beast (slay +2), almost no armour, amphibious, 8 rings, camouflage 1,
gelatinous body 1, (nimble swimmer 1), tentacles
a: Begin Untransformation


You were on level 3 of the Dungeon.
You were a hulking beast.
You visited 1 branch of the dungeon, and saw 3 of its levels.

You collected 51 gold pieces.

Inventory:

Jewellery
 i - a ring of magical power
Talismans
 b - a beast talisman
 c - a flux talisman
Scrolls
 g - a scroll of teleportation {unknown}
Potions
 a - a potion of lignification
 d - a potion of brilliance
 e - a potion of enlightenment
 f - a potion of magic {unknown}
 h - a potion of mutation {unknown}


   Skills:
 + Level 1.8 Fighting
 + Level 2.6 Dodging
 + Level 3.4 Unarmed Combat
 * Level 3.7 Shapeshifting


You had 3 spell levels left.
You didn't know any spells.
Your spell library contained the following spells:

 Spells                   Type           Power      Damage    Failure   Level
 Cigotuvi's Dreadful Rot  Necr/Alch/Air  0%         N/A       45%         2
 Mephitic Cloud           Conj/Alch/Air  0%         N/A       69%         3
 Olgreb's Toxic Radiance  Alch           0%         N/A       97%         4
 Sticky Flame             Fire/Alch      0%         2d4       97%         4
 Animate Armour           Summ/Erth      Unusable   N/A       N/A         4

Dungeon Overview and Level Annotations

Branches:
Dungeon (3/15)

Altars:
Zin

Shops:
D:2 *(


Innate Abilities, Weirdness & Mutations

You are a hulking beast.
Your limbs bulge with bestial killing power. (Slay +2)
You cannot wear most types of armour.
You are amphibious.
You can wear up to eight rings at the same time.
Your skin changes colour to match your surroundings (Stealth+).
Your rubbery body absorbs attacks. (AC +1, EV +1)
((You are camouflaged when in or above water. (Stealth+)))
You have tentacles for arms and can constrict up to eight enemies at once.


Message History

You constrict the orc, but do no damage.
The orc closely misses you. The adder closely misses you.
You tentacle-slap the orc.
The orc is heavily wounded.
You constrict the orc. The orc hits you with a +0 dagger. The adder bites you.
You are too injured to fight recklessly!
You are too injured to fight recklessly!
You are too injured to fight recklessly!
There are monsters nearby!
You are too injured to fight recklessly!
You are too injured to fight recklessly!
You are too injured to fight recklessly!
You are too injured to fight recklessly!
You are too injured to fight recklessly!
You are too injured to fight recklessly!
You are too injured to fight recklessly!
You are too injured to fight recklessly!
You are too injured to fight recklessly!
You are too injured to fight recklessly!
There are monsters nearby!
You tentacle-slap the orc but do no damage.
The orc is severely wounded.
You constrict the orc. The adder bites you.
You are poisoned.
The adder poisons you! The orc hits you with a +0 dagger.
You tentacle-slap the orc but do no damage.
You squeeze the orc, but do no damage.
The orc is almost dead.
You constrict the orc, but do no damage.
You feel sick. The adder bites you. The orc hits you with a +0 dagger.
* * * LOW HITPOINT WARNING * * *
The adder bites you.
* * * LOW HITPOINT WARNING * * *
You completely miss the orc.
The orc is almost dead.
You constrict the orc.
You kill the orc!
* * * LOW HITPOINT WARNING * * *
You feel sick. The adder bites you.
You die...

....... ####.........
.......#####.......#.###
.............##.##.#.# .
............##.##.#.#
...$..........##.##.#.###
....##.....##.##....#....
....##.....#########.....
........)..# # ♣ ####..
...##..h###.♣♣._ #...
#..S# ...S. ...... #..)#
...... .......
#...##............##
#..)..............
#....#............
##........+. ##.......#
#.♣.....#


You could see an adder.

Vanquished Creatures
  An adder (D:2)
  2 ribbon worms (D:2)
  5 orcs (D:3)
  4 endoplasms
  3 giant cockroaches (D:2)
  4 hobgoblins
  3 jackals (D:1)
  4 kobolds
  2 quokkas
  6 ball pythons
  5 bats
  A frilled lizard (D:1)
  5 rats
45 creatures vanquished.

Notes
Turn   | Place    | Note
-------+----------+-------------------------------------------
     0 | D:1      | Killerpretzel the Octopode Shapeshifter began the quest for
                  | the Orb.
     0 | D:1      | Reached XP level 1. HP: 13/13 MP: 1/1
   264 | D:1      | Got Ororilum's Lectures on Amassed Venom
   301 | D:1      | Reached XP level 2. HP: 16/18 MP: 2/2
  1055 | D:2      | Reached XP level 3. HP: 20/23 MP: 3/3
  1202 | D:2      | Found a faded altar of an unknown god.
  1331 | D:2      | Found Vubruefi's Weapon Boutique.
  1997 | D:2      | Found Foghoan's General Store.
  2163 | D:3      | Reached XP level 4. HP: 29/29 MP: 4/4
  2166 | D:3      | Found a glowing silver altar of Zin.
  2182 | D:3      | Slain by an adder

Illustrated notes

Levels and vault maps discovered:
D:1:      dpeg_arrival_pond, layout_loops_corners
D:2:      layout_basic, shapermc_ecumenical_altar_mp_ritualfount, serial_shops,
          nicolae_shop_trees, shop
D:3:      layout_basic, mainiacjoe_overflow_paths, lemuel_crystal_altar,
          zin_academy, mainiacjoe_overflow_boulevard

Action                     |  1- 3 |  4- 6 || total
---------------------------+-------+-------++-------
  Melee: Unarmed           |    81 |    13 ||    94
         Tentacles         |    17 |     4 ||    21
         Constrict         |    17 |     4 ||    21
         Punch             |     5 |       ||     5
    Use: Scroll            |     5 |       ||     5
         Potion            |     1 |       ||     1
   Stab: Sleeping          |     8 |       ||     8
 Armour: Skin              |    34 |    11 ||    45
  Dodge: Dodged            |    39 |     6 ||    45
